[Event "*** SCC Grand Prix: Titled Tuesday Blitz"]
[Site "Chess.com"]
[Date "2020.07.21"]
[Round "7"]
[White "ChessicallyInclined"]
[Black "fmshawnrl123"]
[Result "0-1"]
[WhiteElo "2510"]
[BlackElo "2669"]
[TimeControl "180+1"]
[EndTime "11:15:19 PDT"]
[Termination "fmshawnrl123 won by resignation"]

1. d4 Nf6 2. c4 e6 3. Nc3 Bb4 4. e3 O-O 5. Ne2 Re8 6. a3 Bf8 7. Ng3 d5 8. Be2 a6 9. O-O dxc4 10. Bxc4 b5 11. Be2 Bb7 12. Bf3 Qc8 13. b4 Nbd7 14.
Rb1 Nb6 15. Nce4 Nxe4 16. Nxe4 Nc4 17. Nc5 Bxc5 18. bxc5 Bxf3 19. Qxf3 c6 20. Bb2 Nd2 21. Qe2 Nxb1 22. Rxb1 Qd7 23. Qg4 f6 24. e4 Rad8 25. Bc3 e5 26. Qxd7 Rxd7 27. dxe5 fxe5 28. Kf1 Kf7 29. Ke2 Ke6 30. Ke3 Red8 31. Rc1 Rd1 32. Rc2 Rb1 33. g3 Rb3 34. f4 Rxa3 0-1

[Event "*** SCC Grand Prix: Titled Tuesday Blitz"]
[Site "Chess.com"]
[Date "2020.07.21"]
[Round "7"]
[White "Stormeman100100"]
[Black "HElissalt"]
[Result "1/2-1/2"]
[WhiteElo "2434"]
[BlackElo "2274"]
[TimeControl "180+1"]
[EndTime "11:15:24 PDT"]
[Termination "Game drawn by repetition"]

1. Nf3 Nf6 2. b3 e6 3. Bb2 d5 4.
e3 Nbd7 5. c4 Bd6 6. Nc3 c6 7.
d4 O-O 8. Bd3 e5 9. c5 Bc7 10.
dxe5 Nxe5 11. Nxe5 Bxe5 12. Na4 Bxb2 13. Nxb2 Qa5+ 14. Qd2 Qxc5 15. O-O Re8 16. Rac1 Qe7 17. h3 Qe5 18. Na4 Qg5 19. Kh1 Qh4 20. Kg1 Bxh3 21. gxh3 Qxh3 22. f3 Re5 23. Qg2 Qh6 24. f4 Rxe3 25.
Rf3 Rae8 26. Rcf1 Qh4 27. Qh2 Qg4+ 28. Qg2 Qh4 29. Qh2 Qg4+ 30. Qg2 Qh4 1/2-1/2

[Event "*** SCC Grand Prix: Titled Tuesday Blitz"]
[Site "Chess.com"]
[Date "2020.07.21"]
[Round "7"]
[White "Gandrade2"]
[Black "PattyCastillo"]
[Result "1-0"]
[WhiteElo "2078"]
[BlackElo "1935"]
[TimeControl "180+1"]
[EndTime "11:15:27 PDT"]
[Termination "Gandrade2 won by resignation"]

1. d4 d5 2. c4 c6 3. cxd5 cxd5 4.
Nc3 Nf6 5. Bf4 e6 6. e3 Bd6 7.
Bxd6 Qxd6 8. f4 O-O 9. Nf3 Qb4 10. Qd2 Nc6 11. Bd3 Bd7 12. O-O Rac8 13. Ne5 Qd6 14. Rac1 a6 15. g4 Rfd8 16. g5 Ne8 17. Qe2 Ne7 18.
Bxh7+ Kxh7 19. Qh5+ Kg8 20. Qxf7+ Kh8 21. Rf3 Nf5 22. Rh3+ Nh6 23. gxh6 1-0

[Event "*** SCC Grand Prix: Titled Tuesday Blitz"]
[Site "Chess.com"]
[Date "2020.07.21"]
[Round "7"]
[White "northridgehawk"]
[Black "Noam_Vitenberg"]
[Result "0-1"]
[WhiteElo "2342"]
[BlackElo "2481"]
[TimeControl "180+1"]
[EndTime "11:15:28 PDT"]
[Termination "Noam_Vitenberg won by resignation"]

1. e4 e5 2. Bc4 Nf6 3. Nc3 Nxe4 4. Qh5 Nd6 5. Bb3 Be7 6. Qxe5 O-O 7. Nge2 Nc6 8. Qf4 Bg5 9. Qf3 b6 10. O-O Bb7 11.
Nd5 Na5 12. d4 Re8 13. Nec3 Bxc1 14. Raxc1 Qg5 15. Rce1 Nac4 16. Bxc4 Nxc4 17. Ne7+ Rxe7 18. Qxb7 Rae8 19. Rxe7 Qxe7 20. Qxa7 Nd2 21. Nd5 Qe1 22.
Ne3 0-1

[Event "*** SCC Grand Prix: Titled Tuesday Blitz"]
[Site "Chess.com"]
[Date "2020.07.21"]
[Round "7"]
[White "Colchonero64"]
[Black "Eternauta2400"]
[Result "1-0"]
[WhiteElo "2910"]
[BlackElo "2557"]
[TimeControl "180+1"]
[EndTime "11:15:30 PDT"]
[Termination "Colchonero64 won by resignation"]

1. Nf3 d5 2. g3 Nd7 3. Bg2 e5 4. O-O Ngf6 5. d3 Bc5 6. Nc3 h6 7. Nxe5 Nxe5 8. d4 Ng6 9. dxc5 c6 10. e4 dxe4 11. Qxd8+ Kxd8 12. Nxe4 Ke7 13. Nd6 Rd8 14. Re1+ Kf8 15. b3 Ne8 16. a4 Rb8 17. Ba3 Be6 18.
c4 Nf6 19. f4 Ne7 20. Rad1 Rd7 21. h3 h5 22. Kh2 Rbd8 23. Bf3 g6 24. Bb2 Ne8 25.
Nxb7 Rxb7 26. Rxd8 Rxb3 27. Be5 Rxf3 28. Bd6 Rf2+ 29.
Kg1 Rb2 30. g4 h4 31. f5 gxf5 32. gxf5 1-0

[Event "*** SCC Grand Prix: Titled Tuesday Blitz"]
[Site "Chess.com"]
[Date "2020.07.21"]
[Round "7"]
[White "MathiasWomacka"]
[Black "ftorodent"]
[Result "0-1"]
[WhiteElo "2460"]
[BlackElo "2647"]
[TimeControl "180+1"]
[EndTime "11:15:33 PDT"]
[Termination "ftorodent won by resignation"]

1. e4 c5 2. Nf3 e6 3. d4 cxd4 4. Nxd4 a6 5. Bd3 Bc5 6. Nb3 Be7 7. Qg4 g6 8. Qe2 d6 9. O-O Nc6 10. a4 Ne5 11. Na3 Nf6 12. Bh6 Nfg4 13. Bg7 Rg8 14.
Bxe5 Nxe5 15. f4 Nxd3 16. cxd3 Qb6+ 17. Qf2 Qxb3 18. Nc4 Bd7 19. Nb6 Rd8 20. Nxd7 Rxd7 21. d4 Kf8 22. f5 gxf5 23. exf5 Bg5 24. Rae1 e5 25. dxe5 dxe5 26. f6 Qd5 27. Re2 Qd4 0-1

[Event "*** SCC Grand Prix: Titled Tuesday Blitz"]
[Site "Chess.com"]
[Date "2020.07.21"]
[Round "7"]
[White "ChelsieMonica"]
[Black "kidagent"]
[Result "1-0"]
[WhiteElo "2381"]
[BlackElo "2207"]
[TimeControl "180+1"]
[EndTime "11:15:33 PDT"]
[Termination "ChelsieMonica won by resignation"]

1. c4 c6 2. Nc3 d5 3. cxd5 cxd5 4.
Nf3 Nf6 5. g3 Nc6 6. Bg2 Bf5 7.
O-O e6 8. d4 Bd6 9. Bg5 h6 10.
Bf4 O-O 11. Ne5 Nh5 12. Nxc6 bxc6 13. Bxd6 Qxd6 14. e4 Bg6 15. e5 Qe7 16. Bf3 Qg5 17.
h4 Qf5 18. Bg4 Qc2 19. Bxh5 Qxb2 20. Na4 Qa3 21. Bxg6 fxg6 22. Qb3 Qe7 23. Rab1 g5 24. Qb4 Qd8 25. Qd6 Qxd6 26. exd6 gxh4 27. gxh4 Rad8 28.
Nc5 Rxd6 29. Rb7 Rf4 30. Rd1 Rxh4 31. Rxa7 e5 32. dxe5 Rg6+ 33. Kf1 Rg5 34. e6 Re5 35. Rd3 d4 36. Ra8+ Kh7 37. Nd7 1-0

[Event "*** SCC Grand Prix: Titled Tuesday Blitz"]
[Site "Chess.com"]
[Date "2020.07.21"]
[Round "7"]
[White "Jojo_1608"]
[Black "AsaHoffmann"]
[Result "0-1"]
[WhiteElo "2245"]
[BlackElo "2425"]
[TimeControl "180+1"]
[EndTime "11:15:34 PDT"]
[Termination "AsaHoffmann won by resignation"]

1. d4 Nf6 2. c4 c5 3. d5 e5 4. Nc3 d6 5. h3 Be7 6. e4 Nbd7 7. Nf3 Nf8 8. Bd3 Ng6 9. g4 O-O 10. O-O h6 11. Be3 a6 12. a4 Nh7 13. Qd2 b6 14.
Ne2 Ng5 15. Nxg5 Bxg5 16. f4 exf4 17. Nxf4 Ne5 18. Be2 Bd7 19. b3 Qe7 20. Nd3 Ng6 21.
Bxg5 hxg5 22. Bf3 Ne5 23. Rab1 g6 24. Bg2 Kg7 25. b4 Nxc4 26. Qc3+ Ne5 27. bxc5 bxc5 28.
Rb7 f6 29. Rfb1 Rf7 30. Nb4 Qe8 31. Rb6 cxb4 0-1

[Event "*** SCC Grand Prix: Titled Tuesday Blitz"]
[Site "Chess.com"]
[Date "2020.07.21"]
[Round "7"]
[White "mariangie523"]
[Black "Sacbutt"]
[Result "1-0"]
[WhiteElo "2034"]
[BlackElo "2243"]
[TimeControl "180+1"]
[EndTime "11:15:37 PDT"]
[Termination "mariangie523 won by resignation"]

1. e4 c5 2. Nf3 d6 3. d4 cxd4 4. Nxd4 Nf6 5. f3 a6 6. c4 g6 7.
Nc3 Bg7 8. Be3 O-O 9. Be2 Bd7 10. O-O Nc6 11. Qd2 Re8 12. Rfd1 Qa5 13. Rac1 Rad8 14.
a3 Rc8 15. Bf1 Ne5 16. b3 Qxa3 17. Ra1 Qb4 18. Nc2 Qxb3 19. Rdb1 Nxc4 20. Rxb3 Nxd2 21. Bxd2 Be6 22. Rxb7 Nxe4 23. fxe4 Bxc3 24. Bxc3 Rxc3 25. Nd4 Bc4 26. Rc7 e5 27. Bxc4 exd4 28. Bxf7+ Kf8 29. Rxc3 Re7 1-0

[Event "*** SCC Grand Prix: Titled Tuesday Blitz"]
[Site "Chess.com"]
[Date "2020.07.21"]
[Round "7"]
[White "MarceloPlaya"]
[Black "WonderChampion"]
[Result "1-0"]
[WhiteElo "2274"]
[BlackElo "1970"]
[TimeControl "180+1"]
[EndTime "11:15:38 PDT"]
[Termination "MarceloPlaya won by checkmate"]

1. e4 c5 2. Nf3 g6 3. d4 cxd4 4. Nxd4 Nc6 5. Nc3 Bg7 6. Be3 Nf6 7. Qd2 O-O 8. f3 d5 9. exd5 Nxd5 10. Nxd5 Qxd5 11.
Nxc6 Qxc6 12. Bd3 Bxb2 13. O-O Bxa1 14. Rxa1 Be6 15. h4 h5 16. Bd4 Rfd8 17. c3 Kh7 18. Qg5 Qd5 19. Qxe7 Rg8 20. Re1 Rae8 21. Qf6 b5 22.
Re5 Qxe5 23. Qxe5 Bc4 24. Qxh5# 1-0

[Event "*** SCC Grand Prix: Titled Tuesday Blitz"]
[Site "Chess.com"]
[Date "2020.07.21"]
[Round "7"]
[White "blitzking1729"]
[Black "KingCrusher275"]
[Result "1-0"]
[WhiteElo "2578"]
[BlackElo "2392"]
[TimeControl "180+1"]
[EndTime "11:15:42 PDT"]
[Termination "blitzking1729 won by resignation"]

1. d4 d5 2. c4 e6 3. Nc3 Nf6 4. cxd5 exd5 5. Bg5 Be7 6. e3 c6 7. Bd3 Nbd7 8. Qc2 h6 9. Bh4 Nh5 10. Bxe7 Qxe7 11. Nge2 Nb6 12. O-O O-O 13. Rfe1 Bd7 14. Ng3 Nxg3 15. hxg3 Qd6 16. Rad1 f5 17. a4 Rae8 18. a5 Nc8 19. Na4 Qc7 20. b4 Nd6 21.
Rc1 a6 22. Nb6 Bc8 23. Nxd5 Qf7 24. Nb6 Kh8 25. Nc4 Nxc4 26. Bxc4 Qf6 27. d5 cxd5 28.
Bxd5 Rd8 29. Bf3 Qe7 30. Qc5 Qf7 31. Red1 Qb3 32. Rxd8 Rxd8 33. Qe7 Rg8 34. Rc7 Qa4 35. Kh2 1-0

[Event "*** SCC Grand Prix: Titled Tuesday Blitz"]
[Site "Chess.com"]
[Date "2020.07.21"]
[Round "7"]
[White "Sn00pPawn"]
[Black "romulocardoso"]
[Result "0-1"]
[WhiteElo "1792"]
[BlackElo "2135"]
[TimeControl "180+1"]
[EndTime "11:15:42 PDT"]
[Termination "romulocardoso won on time"]

1. e4 c5 2. Nf3 d6 3. Bb5+ Bd7 4. Bxd7+ Nxd7 5. O-O Ngf6 6. Re1 g6 7. c3 Bg7 8. d4 cxd4 9. cxd4 O-O 10. Nc3 Rc8 11.
e5 Ne8 12. Bf4 dxe5 13. dxe5 Nc7 14. Qa4 Ne6 15. Bg3 Nb6 16. Qxa7 Qc7 17. Nb5 Qc5 18. a4 Ra8 19. Qxb7 Nxa4 20. Rec1 Qb4 21. Nd6 Qxb7 22.
Nxb7 Rfb8 23. b3 Nb6 24. Nc5 Rxa1 25. Rxa1 Nxc5 26. b4 Nb3 27. Rd1 Nc4 28. Rd7 Rxb4 29. Rd8+ Bf8 30. Bf4 Nd4 0-1

[Event "*** SCC Grand Prix: Titled Tuesday Blitz"]
[Site "Chess.com"]
[Date "2020.07.21"]
[Round "7"]
[White "ChadBiryani"]
[Black "j2806"]
[Result "1-0"]
[WhiteElo "2320"]
[BlackElo "2056"]
[TimeControl "180+1"]
[EndTime "11:15:43 PDT"]
[Termination "ChadBiryani won by resignation"]

1. d4 Nf6 2. Bg5 Ne4 3. Bf4 d5 4. e3 e6 5. Bd3 c5 6. Bxe4 dxe4 7. Ne2 Nc6 8. c3 cxd4 9. cxd4 Bd6 10. O-O O-O 11.
Nbc3 f5 12. Rc1 Kh8 13. a3 a6 14. Na4 e5 15. dxe5 Nxe5 16. Qd5 Re8 17. Rfd1 Bd7 18.
Qxd6 Bxa4 19. Qxd8 Raxd8 20. Rxd8 Rxd8 21. Bxe5 Kg8 22. Nd4 Be8 23. Rc7 g6 24. Rg7+ 1-0

[Event "*** SCC Grand Prix: Titled Tuesday Blitz"]
[Site "Chess.com"]
[Date "2020.07.21"]
[Round "7"]
[White "HanSchut"]
[Black "jacky72"]
[Result "0-1"]
[WhiteElo "2306"]
[BlackElo "2624"]
[TimeControl "180+1"]
[EndTime "11:15:45 PDT"]
[Termination "jacky72 won by checkmate"]

1. e4 e5 2. Nf3 Nc6 3. Bc4 Bc5 4. b4 Bxb4 5. c3 Ba5 6. d4 exd4 7. O-O Nge7 8. Ng5 d5 9. exd5 Ne5 10. Qxd4 N7g6 11.
Re1 f6 12. h4 Bb6 13. Qe4 fxg5 14. h5 O-O 15. hxg6 Bxf2+ 16. Kh1 Nxc4 17. Re2 Bg3 18.
Kg1 g4 19. gxh7+ Kh8 20. Qxc4 Qh4 21. Bf4 Qh2+ 22. Kf1 Qh1# 0-1

[Event "*** SCC Grand Prix: Titled Tuesday Blitz"]
[Site "Chess.com"]
[Date "2020.07.21"]
[Round "7"]
[White "Azoulas1"]
[Black "DanielTitichoca"]
[Result "0-1"]
[WhiteElo "2009"]
[BlackElo "2295"]
[TimeControl "180+1"]
[EndTime "11:15:48 PDT"]
[Termination "DanielTitichoca won on time"]

1. e4 c5 2. Nf3 e6 3. d4 cxd4 4.
Nxd4 a6 5. Nc3 Qc7 6. Bd3 b5 7.
f4 Bb7 8. Be3 d6 9. Qe2 Nd7 10.
Rf1 Ngf6 11. Bg1 Be7 12. g4 Nc5 13. g5 Nfd7 14. f5 Ne5 15. fxe6 fxe6 16. h4 O-O-O 17. a3 Kb8 18. O-O-O Rc8 19. Kb1 Qa5 20. Bh2 Ncd7 21. Nxe6 Rxc3 22. bxc3 Rc8 23. Nxg7 Rxc3 24. Nf5 Rxa3 25.
c3 Qxc3 26. Qb2 Rb3 27. Rd2 Rxb2+ 28. Rxb2 Nxd3 29. Rc2 Qb3+ 0-1

[Event "*** SCC Grand Prix: Titled Tuesday Blitz"]
[Site "Chess.com"]
[Date "2020.07.21"]
[Round "7"]
[White "Juanovic"]
[Black "Shivagami"]
[Result "0-1"]
[WhiteElo "2077"]
[BlackElo "2215"]
[TimeControl "180+1"]
[EndTime "11:15:49 PDT"]
[Termination "Shivagami won by resignation"]

1. e4 c5 2. Nf3 d6 3. d4 cxd4 4.
Nxd4 Nf6 5. Nc3 a6 6. Bg5 e6 7. f4 Qb6 8. Qd2 Qxb2 9. Rb1 Qa3 10. e5 h6 11. Bh4 dxe5 12. fxe5 Nfd7 13. Rb3 Qa5 14. Nf3 Nxe5 15. Nxe5 Qxe5+ 16. Be2 Qd6 17. Qe3 Be7 18. Ne4 Qc6 19. Rc3 Qd7 20. Bg3 Bb4 0-1

[Event "*** SCC Grand Prix: Titled Tuesday Blitz"]
[Site "Chess.com"]
[Date "2020.07.21"]
[Round "7"]
[White "TioCridineno"]
[Black "Cambek64"]
[Result "1/2-1/2"]
[WhiteElo "2178"]
[BlackElo "2342"]
[TimeControl "180+1"]
[EndTime "11:15:56 PDT"]
[Termination "Game drawn by repetition"]

1. e4 c6 2. c4 e5 3. Nf3 d6 4. d4 Nd7 5. Nc3 Ngf6 6. Be2 Be7 7. O-O O-O 8. Re1 a6 9. Bf1 b5 10. b3 Bb7 11. h3 Re8 12. dxe5 dxe5 13. Qc2 Bc5 14. Be3 Rc8 15. Rad1 Bxe3 16. Rxe3 Qc7 17. Ree1 Nc5 18. b4 Ne6 19. c5 Rcd8 20. Ne2 Nh5 21.
Qc3 f6 22. g3 g6 23. h4 Nhg7 24. Bh3 Bc8 25. Kg2 Rxd1 26. Rxd1 Rd8 27. Rxd8+ Qxd8 28. Qd2 Qxd2 29. Nxd2 Kf7 30. Nb3 Ke7 31. f3 Ne8 32. Kf2 Bd7 33. a3 Kd8 34. Ke3 Kc7 35. f4 h6 36.
Bxe6 Bxe6 37. Na5 g5 38. fxg5 fxg5 39. hxg5 hxg5 40. Ng1 g4 41. Ne2 Nf6 42. Nc1 Nd7 43. Nd3 Bf7 44. Nf2 Be6 45. Nd3 Bf7 46. Nf2 Be6 47.
Nd3 1/2-1/2

[Event "*** SCC Grand Prix: Titled Tuesday Blitz"]
[Site "Chess.com"]
[Date "2020.07.21"]
[Round "7"]
[White "Vesper2018"]
[Black "Omk124"]
[Result "1-0"]
[WhiteElo "2582"]
[BlackElo "2348"]
[TimeControl "180+1"]
[EndTime "11:15:57 PDT"]
[Termination "Vesper2018 won by checkmate"]

1. e4 c5 2. Nc3 a6 3. g3 b5 4. Bg2 Bb7 5. Nge2 e6 6. d4 cxd4 7. Nxd4 Nf6 8. O-O d6 9. Re1 Nbd7 10. a4 b4 11. Nd5 Be7 12. Nxe7 Qxe7 13. Bd2 a5 14. Nb5 O-O 15. Bf4 e5 16. Bg5 Ra6 17.
Qd2 h6 18. Bxf6 Nxf6 19. c4 bxc3 20. Qxc3 Rc8 21. Qd2 Rd8 22. Rac1 Rc6 23. Rxc6 Bxc6 24. Qxa5 Qb7 25. Qxd8+ Kh7 26. Nxd6 Qxb2 27. Nxf7 Qb4 28. Qh8+ Kg6 29. Nxe5+ Kg5 30. h4+ Kh5 31. Bf3+ Ng4 32. Bxg4# 1-0

[Event "*** SCC Grand Prix: Titled Tuesday Blitz"]
[Site "Chess.com"]
[Date "2020.07.21"]
[Round "7"]
[White "MNyuyu"]
[Black "The_Machine04"]
[Result "1-0"]
[WhiteElo "2422"]
[BlackElo "2282"]
[TimeControl "180+1"]
[EndTime "11:15:57 PDT"]
[Termination "MNyuyu won on time"]

1. d4 d6 2. Nf3 Nf6 3. Bf4 g6 4. e3 Bg7 5. h3 O-O 6. Be2 Nc6 7. O-O Nd7 8. c3 e5 9. dxe5 dxe5 10. Bh2 Qe7 11. Nbd2 Rd8 12. Qc2 a5 13. a4 Nc5 14.
Rfd1 Be6 15. Bc4 Rd7 16. Bxe6 Qxe6 17. Ng5 Qe7 18. Nge4 Rad8 19. Nxc5 Qxc5 20. Nf3 Rxd1+ 21. Rxd1 Rxd1+ 22. Qxd1 Qd6 23. Qb3 b6 24. Bg3 h6 25.
Kh2 Nd8 26. Qc4 Ne6 27. Qe4 Nc5 28. Qa8+ Kh7 29. b4 Nxa4 30. bxa5 bxa5 31. Qe8 Nxc3 32. Qxf7 Qf6 33. Qc4 e4 34. Be5 Qe7 35. Bxc3 1-0

[Event "*** SCC Grand Prix: Titled Tuesday Blitz"]
[Site "Chess.com"]
[Date "2020.07.21"]
[Round "7"]
[White "Isajevsky_Anton"]
[Black "Alexander_Moskalenko"]
[Result "0-1"]
[WhiteElo "2578"]
[BlackElo "2791"]
[TimeControl "180+1"]
[EndTime "11:16:01 PDT"]
[Termination "Alexander_Moskalenko won by resignation"]

1. c4 f5 2. g3 g6 3. Bg2 Bg7 4. Nc3 d6 5. d3 Nf6 6. e4 O-O 7.
Nge2 c5 8. h3 Nc6 9. Be3 e5 10.
O-O Nd4 11. exf5 Bxf5 12. Ne4 Nxe4 13. dxe4 Be6 14. b3 Qd7 15. Kh2 b5 16. cxb5 Qxb5 17. Nc3 Qb4 18. Qd2 a5 19. Rac1 Rf7 20. f4 exf4 21.
gxf4 Re8 22. Kh1 Rfe7 23. Rf2 Bf7 24. f5 Nxf5 25. exf5 Rxe3 26. f6 Bh6 27. Qc2 Rxc3 28. Qxc3 Bxc1 29. Qxc1 Re1+ 0-1

[Event "*** SCC Grand Prix: Titled Tuesday Blitz"]
[Site "Chess.com"]
[Date "2020.07.21"]
[Round "7"]
[White "killer311"]
[Black "Violord"]
[Result "0-1"]
[WhiteElo "2401"]
[BlackElo "2638"]
[TimeControl "180+1"]
[EndTime "11:16:01 PDT"]
[Termination "Violord won by resignation"]

1. d4 Nf6 2. c4 g6 3. g3 Bg7 4. Bg2 O-O 5. Nf3 d5 6. O-O dxc4 7. Na3 c3 8. bxc3 c5 9. Bb2 Nc6 10. Nc4 Be6 11. Nce5 Bd5 12. c4 Bxf3 13. Nxf3 Nd7 14. Rb1 Na5 15. Qa4 cxd4 16. Nxd4 Nc5 17. Qa3 Rc8 18. Bc3 Nxc4 19. Qb4 Bxd4 20. Qxc4 Ne6 21.
Ba5 Qxa5 22. Qd3 b6 23. h4 Bf6 24. Bh3 Rc3 25. Qe4 Nc5 26. Qf4 Qxa2 27. h5 Qxe2 28.
hxg6 hxg6 29. Bg4 Qe5 0-1

[Event "*** SCC Grand Prix: Titled Tuesday Blitz"]
[Site "Chess.com"]
[Date "2020.07.21"]
[Round "7"]
[White "Iljushin_Alexey"]
[Black "keshka01"]
[Result "1-0"]
[WhiteElo "2700"]
[BlackElo "2565"]
[TimeControl "180+1"]
[EndTime "11:16:02 PDT"]
[Termination "Iljushin_Alexey won by resignation"]

1. d4 Nf6 2. c4 e6 3. Nc3 Bb4 4. e3 O-O 5. Ne2 d5 6. cxd5 exd5 7. g3 Re8 8. Bg2 c6 9. O-O Bf5 10. f3 h6 11. g4 Bh7 12. Nf4 Nbd7 13. Qb3 Qc7 14. Bd2 Bd6 15. Rac1 Bxf4 16. exf4 Qb6 17.
Qxb6 axb6 18. f5 b5 19. a3 Nb6 20. Nd1 Re2 21. Rf2 Rae8 22. Bf1 Rxf2 23. Kxf2 h5 24. g5 Nfd7 25. Bd3 Kf8 26. g6 fxg6 27. fxg6 Bg8 28. Bb4+ Re7 29. Ne3 Be6 30. f4 Nc4 31. Bxc4 bxc4 32. f5 Bg8 33. Re1 Nf6 34. Bxe7+ Kxe7 35. Nxd5+ Kd6 1-0

[Event "*** SCC Grand Prix: Titled Tuesday Blitz"]
[Site "Chess.com"]
[Date "2020.07.21"]
[Round "7"]
[White "tlomigtlis"]
[Black "alfiefischer77"]
[Result "1-0"]
[WhiteElo "2365"]
[BlackElo "2197"]
[TimeControl "180+1"]
[EndTime "11:16:02 PDT"]
[Termination "tlomigtlis won by resignation"]

1. d4 Nf6 2. c4 e6 3. Nc3 Bb4 4. Qc2 O-O 5. a3 Bxc3+ 6. Qxc3 b5 7. cxb5 c6 8. Bg5 cxb5 9. e3 Bb7 10. Nf3 a6 11. Bd3 h6 12. Bh4 d5 13. Ne5 Qe7 14.
O-O Rc8 15. Qd2 Nc6 16. Qe2 g5 17. Bg3 Nxe5 18. dxe5 Ne4 19. Qh5 Kg7 20. f4 Rh8 21.
f5 exf5 22. Rxf5 Nxg3 23. hxg3 Bc8 24. Rf6 Be6 25. Raf1 Rag8 26. Bf5 Bxf5 27. R1xf5 Rf8 28. Rxg5+ 1-0

[Event "*** SCC Grand Prix: Titled Tuesday Blitz"]
[Site "Chess.com"]
[Date "2020.07.21"]
[Round "7"]
[White "tan275"]
[Black "Orest_Vovk"]
[Result "0-1"]
[WhiteElo "2253"]
[BlackElo "2396"]
[TimeControl "180+1"]
[EndTime "11:16:04 PDT"]
[Termination "Orest_Vovk won by resignation"]

1. d4 h6 2. c4 g5 3. h4 g4 4. e4 Bg7 5. Be2 c5 6. d5 h5 7. Nc3 Bxc3+ 8. bxc3 Qa5 9. Qd3 d6 10. f3 Nd7 11. f4 Ngf6 12. g3 Nxe4 13. Bd2 Ndf6 14. Bd1 Bf5 15. Qe3 Nxd2 16. Kxd2 Ne4+ 17. Ke2 Qxc3 18. Qxc3 Nxc3+ 19. Ke3 Nxd1+ 20. Rxd1 O-O-O 21. Rh2 e6 22. Rb2 exd5 23. cxd5 Rhe8+ 24. Kf2 Re7 25. Ne2 Rde8 26. Nc3 a6 27. Na4 b5 28. Nc3 Re3 29.
Rc1 Rf3+ 30. Kg2 Ree3 31. Ne2 Be4 32. Kh2 Rf2+ 33. Kg1 Rexe2 34. Rxe2 Rxe2 0-1

[Event "*** SCC Grand Prix: Titled Tuesday Blitz"]
[Site "Chess.com"]
[Date "2020.07.21"]
[Round "7"]
[White "okriak"]
[Black "Antipov_Mikhail_Al"]
[Result "0-1"]
[WhiteElo "2709"]
[BlackElo "2861"]
[TimeControl "180+1"]
[EndTime "11:16:05 PDT"]
[Termination "Antipov_Mikhail_Al won by checkmate"]

1. Nf3 Nf6 2. c4 g6 3. Nc3 c5 4. d4 cxd4 5. Nxd4 d6 6. e4 Nc6 7. Be2 Nxd4 8. Qxd4 Bg7 9. Be3 O-O 10. Qd2 a5 11. f3 a4 12. Rc1 Be6 13. Nd5 Nd7 14. O-O Nc5 15. Rfd1 Re8 16. Rb1 h5 17. b4 axb3 18. axb3 Ra3 19. Bxc5 dxc5 20. Nf6+ Bxf6 21. Qxd8 Rxd8 22. Rxd8+ Kg7 23. Rb8 Ra7 24. f4 Bd4+ 25. Kf1 h4 26. Bd3 h3 27. f5 Bd7 28.
gxh3 gxf5 29. b4 fxe4 30. Bxe4 Ra2 31. Rxb7 Bxh3+ 32. Ke1 Bc3+ 33. Kd1 Bg4+ 34. Kc1 Bd2# 0-1

[Event "*** SCC Grand Prix: Titled Tuesday Blitz"]
[Site "Chess.com"]
[Date "2020.07.21"]
[Round "7"]
[White "Dr-Bassem"]
[Black "Vuk2000"]
[Result "1-0"]
[WhiteElo "2834"]
[BlackElo "2625"]
[TimeControl "180+1"]
[EndTime "11:16:07 PDT"]
[Termination "Dr-Bassem won by resignation"]

1. e4 e6 2. d3 d5 3. Nd2 Nf6 4. Ngf3 c5 5. g3 Nc6 6. Bg2 Be7 7. O-O O-O 8. Re1 b5 9. e5 Nd7 10. Nf1 a5 11. h4 b4 12. N1h2 a4 13. Bf4 Ba6 14. Rc1 b3 15. axb3 axb3 16. c3 Nb6 17. Bf1 Na4 18. Qxb3 Nb6 19. Qc2 d4 20. c4 Nb4 21.
Qd2 Bb7 22. Ng5 Qd7 23. Ne4 Bxe4 24. Rxe4 Ra2 25. Bg5 Na4 26. Rg4 f5 27. exf6 Bxf6 28.
Bxf6 Rxf6 29. Qg5 Qf7 30. Re4 Rxb2 31. Ng4 Rfxf2 32. Nh6+ 1-0

[Event "*** SCC Grand Prix: Titled Tuesday Blitz"]
[Site "Chess.com"]
[Date "2020.07.21"]
[Round "7"]
[White "baag"]
[Black "Man-Chuk"]
[Result "1-0"]
[WhiteElo "2694"]
[BlackElo "2839"]
[TimeControl "180+1"]
[EndTime "11:16:08 PDT"]
[Termination "baag won by resignation"]

1. d4 Nf6 2. c4 e6 3. Nc3 Bb4 4. Bd2 b6 5. Nf3 Bb7 6. e3 Bxc3 7. Bxc3 Ne4 8. Rc1 O-O 9. Bd3 f5 10. O-O d6 11. Be1 Rf6 12. Nd2 Nxd2 13. Bxd2 Nd7 14.
f3 Qe8 15. b4 Qh5 16. c5 bxc5 17. bxc5 dxc5 18. dxc5 Rh6 19. h3 Rg6 20. c6 Qxh3 21. Qe2 Bxc6 22. Rxc6 Ne5 23. Rxe6 Qg3 24. Be1 1-0

[Event "*** SCC Grand Prix: Titled Tuesday Blitz"]
[Site "Chess.com"]
[Date "2020.07.21"]
[Round "7"]
[White "Gorin_Leonid"]
[Black "sasko1234"]
[Result "1-0"]
[WhiteElo "2586"]
[BlackElo "2396"]
[TimeControl "180+1"]
[EndTime "11:16:09 PDT"]
[Termination "Gorin_Leonid won by resignation"]

1. e4 d6 2. d4 Nf6 3. Nc3 c6 4. a4 Qa5 5. Bd2 e5 6. Nd5 Qd8 7. Nxf6+ Qxf6 8. Bc3 Qe7 9. Nf3 f6 10. Bd3 Bg4 11. h3 Bh5 12. O-O Nd7 13. Re1 g5 14.
Be2 Bg6 15. Nd2 Bg7 16. a5 O-O 17. Bg4 Rad8 18. Qf3 exd4 19. Bxd4 Ne5 20. Qc3 h5 21. Bf5 Bxf5 22. exf5 g4 23. Bxa7 c5 24. b4 cxb4 25.
Qxb4 Rc8 26. Ne4 Rc6 27. Rad1 gxh3 28. Qb3+ Kh7 29. Qxh3 Bh6 30. Qxh5 Rg8 31. Be3 Ng4 32. Bxh6 Nxh6 33. Ng5+ Rxg5 34. Rxe7+ 1-0

[Event "*** SCC Grand Prix: Titled Tuesday Blitz"]
[Site "Chess.com"]
[Date "2020.07.21"]
[Round "7"]
[White "Thipsay"]
[Black "krzyzan94"]
[Result "0-1"]
[WhiteElo "2470"]
[BlackElo "2651"]
[TimeControl "180+1"]
[EndTime "11:16:10 PDT"]
[Termination "krzyzan94 won by resignation"]

1. e4 e5 2. Nf3 Nc6 3. Bb5 a6 4. Ba4 Nf6 5. O-O Be7 6. Re1 b5 7. Bb3 O-O 8. h3 Bb7 9. d3 d5 10. exd5 Nxd5 11. Nxe5 Nxe5 12. Rxe5 Qd6 13. Re1 Rae8 14.
Nc3 Nxc3 15. bxc3 Qc6 16. Qg4 h5 17. Qe4 Bd6 18. Bg5 Rxe4 19. dxe4 Qxc3 20. Rad1 a5 21. e5 Bxe5 22. Re3 Qb2 23. Be7 Re8 24. Bc5 a4 25. f4 axb3 26. fxe5 bxc2 0-1

[Event "*** SCC Grand Prix: Titled Tuesday Blitz"]
[Site "Chess.com"]
[Date "2020.07.21"]
[Round "7"]
[White "Funo09"]
[Black "turayev_shahruh17"]
[Result "1-0"]
[WhiteElo "2770"]
[BlackElo "2541"]
[TimeControl "180+1"]
[EndTime "11:16:12 PDT"]
[Termination "Funo09 won by checkmate"]

1. Nf3 Nf6 2. b3 g6 3. Bb2 Bg7 4. e3 O-O 5. d4 d5 6. Be2 Bg4 7. O-O c5 8. Nbd2 Nc6 9. dxc5 Qa5 10. c4 Qxc5 11. Rc1 dxc4 12. Nxc4 Rad8 13. Qe1 Qb4 14. Bc3 Qc5 15. h3 Bxf3 16. Bxf3 Qf5 17. e4 Qc8 18. b4 Nd4 19. Nd2 Nxf3+ 20. Nxf3 Qe6 21. e5 Nd5 22. Ba1 Qb6 23. a3 e6 24.
Bd4 Qa6 25. Bc5 Rfe8 26. Qe4 Qxa3 27. Ra1 Qb2 28. Rxa7 Nc3 29. Qxb7 Ne2+ 30. Kh1 Nf4 31. Qxf7+ Kh8 32. Qxg7# 1-0